 Dungeon Crawl Stone Soup version 0.23-a0-639-ga9a3373 (console) character file.

4 Duffy the Firebug (level 1, -2/13 HPs)
             Began as a Demonspawn Fire Elementalist on Dec 29, 2018.
             Slain by a goblin (3 damage)
             ... on level 1 of the Dungeon.
             The game lasted 00:00:34 (209 turns).

Duffy the Firebug (Demonspawn Fire Elementalist)     Turns: 209, Time: 00:00:35

Health: -2/13      AC:  2    Str:  8    XL:     1   Next: 50%
Magic:  3/3        EV: 12    Int: 16    God:
Gold:   14         SH:  0    Dex: 13    Spells: 3/4 levels left

rFire    . . .     SeeInvis .   (no weapon)
rCold    . . .     Gourm    .   (no shield)
rNeg     . . .     Faith    .   a - +0 robe
rPois    .         Spirit   .   (no helmet)
rElec    .         Reflect  .   (no cloak)
rCorr    .         Harm     .   (no gloves)
MR       .....                  (no boots)
Stlth    ++........             (no amulet)
HPRegen  0.04/turn              (no ring)
MPRegen  0.08/turn              (no ring)

@: no status effects
A: no striking features
a: no special abilities


You were on level 1 of the Dungeon.
You were not hungry.

You visited 1 branch of the dungeon, and saw 1 of its levels.

You collected 14 gold pieces.

Inventory:

Armour
 a - a +0 robe (worn)
Potions
 d - 2 potions of curing {unknown}
 e - a potion of resistance {unknown}
 g - a potion of heal wounds {unknown}
Comestibles
 b - a chunk of flesh
 c - a ration


   Skills:
 - Level 1.7 Dodging
 - Level 1.7 Stealth
 - Level 2.0 Spellcasting
 + Level 1.6 Conjurations
 - Level 2.6 Fire Magic


You had 3 spell levels left.
You knew the following spells:

 Your Spells              Type           Power        Failure   Level  Hunger
h - Flame Tongue          Conj/Fire      #....        9%          1    #......

Your spell library contained the following spells:

 Spells                   Type           Power        Failure   Level  Hunger
 Throw Flame              Conj/Fire      #.....       13%         2    ###....
 Conjure Flame            Conj/Fire      #.......     26%         3    ###....
 Inner Flame              Hex/Fire       #.......     34%         3    ###....
 Sticky Flame             Conj/Fire      #.......     65%         4    #####..
 Fireball                 Conj/Fire      #.........   94%         5    ######.


Dungeon Overview and Level Annotations

Branches:
Dungeon (1/15)

Altars:


Message History

The goblin throws a tomahawk.
The tomahawk hits you.
You see here a tomahawk.
The bat hits you but does no damage. The bat misses you.
The bat closely misses you.
The goblin throws a tomahawk.
The tomahawk hits you but does no damage.
You see here a tomahawk.
The bat hits you but does no damage. The goblin hits you.
You barely miss the rat. The bat hits you.
* * * LOW HITPOINT WARNING * * *
The rat misses you. The goblin misses you.
You hit the rat.
The rat is heavily wounded.
The rat bites you.
* * * LOW HITPOINT WARNING * * *
The goblin closely misses you. The hobgoblin hits you with a +0 club.
* * * LOW HITPOINT WARNING * * *
You closely miss the rat.
The rat is heavily wounded.
The rat barely misses you. The goblin hits you.
You die...

..........................
#####......####....###.###
##...#.# #[...# #.#
.......#.# #..(.###.#
#####..#.####.....((.####
#...#....#....####.gr#
######.#......#....#
#.#......
#.............#rg..# #.#
...$# #.......#....)#@####
#.# ...# #.......#..####g#
#.# ..# #.......##.##..b#
#?# .. #....%..##..#((.#
.g# . ####...####.#(.g#
.## #...# .#........ .
#...## .###........
#....### #.....# ####.+.#
#.g...#


You could see a hobgoblin, 2 goblins, a bat and a rat.

Vanquished Creatures
  A jackal (D:1)
  A goblin (D:1)
  A kobold (D:1)
  2 rats (D:1)
5 creatures vanquished.

Notes
Turn   | Place    | Note
-------+----------+-------------------------------------------
     0 | D:1      | Duffy the Demonspawn Fire Elementalist began the quest for
                  | the Orb.
     0 | D:1      | Reached XP level 1. HP: 13/13 MP: 3/3
   209 | D:1      | Slain by a goblin

Vault maps used:
D:1:      minmay_arrival_three_doors

Action                   || total
-------------------------++-------
Melee: Unarmed           ||     8
 Cast: Flame Tongue      ||     7
Armor: Robe              ||     5
Dodge: Dodged            ||    14

Table legend:
 A = Non-vault XP
 B = Vault XP
 C = Vault XP percentage of total XP
 D = Non-vault monster count
 E = Vault monster count
 F = Vault count percentage of total count
                 A         B        C        D         E       F
            +---------+---------+-------+---------+---------+-------
      Total |       6 |       0 |   0.0 |       5 |       0 |   0.0
            +---------+---------+-------+---------+---------+-------
        D:1 |       6 |       0 |   0.0 |       5 |       0 |   0.0
            +---------+---------+-------+---------+---------+-------
